 Dungeon Crawl Stone Soup version 0.26-a0-1033-gd598b01645 (webtiles) character file.

Game seed: 451561340986372375

294 tzalcoatl the Skirmisher (level 6, 0/43 HPs)
             Began as a Halfling Abyssal Knight on Dec 11, 2020.
             Was a Priest of Lugonu.
             Succumbed to Duvessa's poison
             ... on level 3 of the Dungeon.
             The game lasted 00:23:19 (4257 turns).

tzalcoatl the Skirmisher (Halfling Abyssal Knight)  Turns: 4257, Time: 00:23:19

Health: 0/43       AC: 10    Str: 15    XL:     6   Next: 60%
Magic:  8/8        EV: 20    Int: 10    God:    Lugonu [***...]
Gold:   239        SH:  5    Dex: 14    Spells: 5/5 levels left

rFire    . . .     SeeInvis .   b - +1 falchion
rCold    . . .     Faith    .   q - +0 buckler
rNeg     . . .     Spirit   .   k - +0 scale mail
rPois    .         Reflect  .   A - +0 helmet
rElec    .         Harm     .   f - +0 cloak
rCorr    .         Rampage  .   n - +0 pair of gloves
Will     .....                  (no boots)
Stlth    ..........             (no amulet)
HPRegen  0.14/turn              h - +4 ring of evasion (curse)
MPRegen  0.11/turn              x - +4 ring of evasion

@: lethally poisoned (0 -> -3)
A: small, mutation resistance 1
a: Depart the Abyss, Bend Space, Banish, Renounce Religion


You were on level 3 of the Dungeon.
You worshipped Lugonu.
Lugonu was most pleased with you.
You visited 1 branch of the dungeon, and saw 4 of its levels.
You visited the Abyss 1 time.

You collected 239 gold pieces.

Inventory:

Hand Weapons
 a - a +0 hunting sling
 b - a +1 falchion (weapon)
 g - a +2 vampiric dagger
 v - a +1 dagger of venom
Missiles
 j - 202 stones (quivered ammo)
 l - 78 sling bullets
Armour
 f - a +0 cloak (worn)
 k - a +0 scale mail (worn)
 n - a +0 pair of gloves (worn)
 q - a +0 buckler (worn)
 A - a +0 helmet (worn)
Jewellery
 h - a cursed +4 ring of evasion (left hand)
 x - a +4 ring of evasion (right hand)
Scrolls
 c - 3 scrolls of remove curse
 i - a scroll of immolation {unknown}
 m - a scroll of blinking
 o - 2 scrolls of teleportation
 p - a scroll of amnesia {unknown}
 u - a scroll of fear {unknown}
 w - 2 scrolls of enchant armour
 y - 2 scrolls of enchant weapon {unknown}
Potions
 d - a potion of invisibility
 e - 3 potions of flight
 r - a potion of magic
 B - a potion of brilliance


   Skills:
 + Level 4.0 Fighting
 - Level 2.0 Long Blades
 + Level 1.0 Slings
 - Level 3.0 Armour
 + Level 3.0 Dodging
 * Level 2.8 Shields
 + Level 3.4 Invocations


You had 5 spell levels left.
You didn't know any spells.
Your spell library was empty.

Dungeon Overview and Level Annotations

Branches:
Dungeon (4/15)             Temple (0/1) D:4

Altars:
Hepliaklqana
Sif Muna

Annotations:
D:4 Dowan, Duvessa


Innate Abilities, Weirdness & Mutations

You are small and have problems with some larger weapons.
You are somewhat resistant to further mutation.


Message History

* * * LOW HITPOINT WARNING * * *
You feel sick.
* * * LOW HITPOINT WARNING * * *
You feel sick.
* * * LOW HITPOINT WARNING * * *
You feel sick.
Things that are here:
a +0 robe; a +0 dagger
* * * LOW HITPOINT WARNING * * *
You feel sick.
Really quaff the potion of mutation?
You feel extremely strange.
Okay, then.
Blink to where?
Press: ? - help, Dir - move target
As you read the scroll of blinking, it crumbles to dust.
* * * LOW HITPOINT WARNING * * *
You feel sick.
You feel a little less clever now.
You die...

....# #....).##.#
....####......##.#
....##........##.#
###.........).##.#
..>>.......#(###.# .##........#[#
#.##### .#.........#.# #.#...###
.#.........#.# #.#.....#
.#.........#.# #@#...#.#
...#.#.#####.# #.#...#.####
.#...#.# ###.###.#.#.<....#
.#.###.# #.....#.#.###.##.#
.#.###.###.....#.#.....##.#######
.#.#.#.#.#.....#.########.##.....
#.#.#.#.#.#.#.#.#.# #.#######
.#.#.#.#.#.#.#.#.## #.#
#.#.#.#.#.#.#.#.#)# #.#


There were no monsters in sight!

Vanquished Creatures
  An orc priest (D:3)
  An orc wizard (D:3)
  An iguana (D:4)
  Natasha (twice) (D:2)
  Robin (D:4)
  6 adders
  2 adder skeletons (D:4)
  A worm (D:2)
  A leopard gecko (D:3)
  6 orcs
  7 bats
  2 giant cockroaches
  16 goblins
  10 hobgoblins
  8 jackals
  A ball python (D:1)
  5 frilled lizards
  5 kobolds
  A leopard gecko skeleton (D:4)
  9 rats
86 creatures vanquished.

Notes
Turn   | Place    | Note
-------+----------+-------------------------------------------
     0 | Abyss:1  | tzalcoatl the Halfling Abyssal Knight began the quest for
                  | the Orb.
     0 | Abyss:1  | Reached XP level 1. HP: 15/15 MP: 2/2
    66 | D:1      | Escaped the Abyss
   239 | D:1      | Reached XP level 2. HP: 10/20 MP: 3/3
   701 | D:1      | Reached skill level 3 in Fighting
   894 | D:1      | Reached ** piety under Lugonu
   916 | D:1      | Reached XP level 3. HP: 17/26 MP: 4/4
  1644 | D:2      | Reached XP level 4. HP: 26/31 MP: 5/5
  1803 | D:2      | Noticed Natasha
  1815 | D:2      | Killed Natasha
  2337 | D:2      | Noticed Natasha
  2359 | D:2      | Killed Natasha
  2360 | D:2      | Reached skill level 1 in Shields
  2360 | D:2      | Reached XP level 5. HP: 37/37 MP: 7/7
  2654 | D:3      | Reached XP level 6. HP: 20/43 MP: 8/8
  3064 | D:3      | Found a hazy altar of Hepliaklqana.
  3224 | D:3      | Found a shimmering blue altar of Sif Muna.
  3922 | D:4      | Found a staircase to the Ecumenical Temple.
  3931 | D:4      | Noticed Robin
  3947 | D:4      | Killed Robin
  3947 | D:4      | Reached *** piety under Lugonu
  4020 | D:4      | Reached skill level 4 in Fighting
  4087 | D:4      | Reached skill level 1 in Slings
  4212 | D:4      | Noticed Dowan
  4213 | D:4      | Noticed Duvessa
  4251 | D:3      | HP: 2/43 [poisoned by Duvessa]
  4257 | D:3      | Succumbed to Duvessa's poison

Illustrated notes

Levels and vault maps discovered:
D:1:      lemuel_arrival_muddy, layout_basic, minmay_misc_feat_alley,
          minmay_tall_x
D:2:      layout_basic, uniq_natasha
D:3:      layout_basic, lemuel_doored_altar, lemuel_blue_sif_altar
D:4:      layout_loops_cross, minmay_temple_entry_stoned_glass,
          minmay_misc_feat_chi, uniq_ijyb, uniq_duvessa, uniq_robin

Skill      XL: |  1  2  3  4  5  6 |
---------------+-------------------+-----
Fighting       | 3 4 |  4.0
Dodging        | 2 3 |  3.0
Armour         | 3 |  3.0
Shields        | 1 2 |  2.8
Invocations    | 3 |  3.4
Slings         | 1 |  1.0
Long Blades    | |  2.0

Action                   |  1- 3 |  4- 6 || total
-------------------------+-------+-------++-------
Melee: Falchion          |   101 |   167 ||   268
       Dagger            |       |    17 ||    17
Throw: Stone             |       |     4 ||     4
Invok: Bend Space        |       |     2 ||     2
  Use: Potion            |       |     4 ||     4
       Scroll            |       |    11 ||    11
Armor: Ring mail         |     9 |       ||     9
       Scale mail        |    27 |    71 ||    98
Dodge: Dodged            |    70 |   151 ||   221
Block: Buckler           |       |    67 ||    67
       Rpst.: Falchion   |    22 |    42 ||    64

Table legend: (Time is in decaauts)
 A = Elapsed time spent in this place.
 B = Non-inter-level travel time spent in this place.
 C = Inter-level travel time spent in this place.
 D = Time resting spent in this place.
 E = Time spent auto-exploring this place.
 F = Levels seen in this place.
 G = Mean time per level.
                   A        B        C        D        E       F      G
               +--------+--------+--------+--------+--------+-----+--------+
         Total |   4310 |   4226 |     84 |    313 |   2963 |   5 |  862.0 |
       Dungeon |   4244 |   4160 |     84 |    313 |   2963 |   4 | 1061.0 |
         Abyss |     66 |     66 |      0 |      0 |      0 |   1 |   66.0 |
               +--------+--------+--------+--------+--------+-----+--------+

Top non-repeatable levels by time:
     D:3: 1442 daAuts
     D:1: 1325 daAuts
     D:2: 1075 daAuts
     D:4: 401 daAuts
 Abyss:1: 66 daAuts
